 Dungeon Sprint DCSS version 0.26-a0-651-gb41185065b (webtiles) character file.

Game seed: 5629937635810945623

15458 tsouns the Fencer (level 12, -23/187 HPs)
             Began as a Palentonga Berserker on Oct 25, 2020.
             Was the Champion of Trog.
             Annihilated by Donald
             ... wielding a +2 eveningstar of holy wrath
              (48 damage)
             ... in the Dungeon (Sprint IX: "|||||||||||||||||||||||||||||").
             The game lasted 00:17:18 (3318 turns).

tsouns the Fencer (Palentonga Berserker)            Turns: 3318, Time: 00:17:18

Health: -23/187    AC: 14    Str: 25    XL:     12   Next: 1%
Magic:  4/4        EV:  6    Int:  8    God:    Trog [******]
Gold:   852        SH: 16    Dex: 13    Spells: 11/11 levels left

rFire    + . .     SeeInvis +   A - +7 demon blade (antimagic)
rCold    + . .     Faith    .   F - +1 tower shield
rNeg     + . .     Spirit   .   m - +0 plate armour
rPois    +         Reflect  .   E - -2 hat of the Alchemist {rElec rPois rF+ rC+ rN+ MR+ rMut rCorr}
rElec    +         Harm     .   y - +1 cloak
rCorr    +         Rampage  .   x - +0 pair of gloves
rMut     +         NoTele   +   (no barding)
MR       ++...                  (no amulet)
Stlth    ..........             n - +3 ring of dexterity
HPRegen  0.41/turn              b - ring of protection from magic
MPRegen  0.09/turn

@: berserking, very quick
A: large, rugged brown scales 3, see invisible, deformed body, roll, armoured
tail
a: Rolling Charge, Berserk, Trog's Hand, Brothers in Arms, Renounce Religion


You were in the Dungeon.
You worshipped Trog.
Trog was exalted by your worship.
You visited 1 branch You collected 1909 gold pieces.
You spent 1057 gold pieces at shops.

Inventory:

Hand Weapons
 l - a +2 scimitar of flaming
 u - a +5 antimagic triple sword
 A - a +7 antimagic demon blade (weapon)
 B - a +4 antimagic double sword
Missiles
 z - 6 curare-tipped darts (quivered)
Armour
 m - a +0 plate armour (worn)
 x - a +0 pair of gloves (worn)
 y - a +1 cloak (worn)
 D - a +1 helmet
 E - the -2 hat of the Alchemist (worn) {rElec rPois rF+ rC+ rN+ MR+ rMut rCorr}
   (You found it in the Dungeon)

   It protects you from fire.
   It protects you from cold.
   It insulates you from electricity.
   It protects you from poison.
   It protects you from negative energy.
   It affects your resistance to hostile enchantments.
   It provides partial protection from all sources of acid and corrosion.
   It protects you from mutation.
 F - a +1 tower shield (worn)
Jewellery
 b - a ring of protection from magic (right hand)
 n - a +3 ring of dexterity (left hand)
 o - an uncursed ring of fire
 r - an uncursed ring of protection from cold
Wands
 k - a wand of iceblast (6)
Scrolls
 i - 3 scrolls of remove curse
 j - a scroll of blinking
 s - 4 scrolls of enchant weapon
 t - 2 scrolls of fog
 H - a scroll of fear
 I - 2 scrolls of enchant armour
Potions
 a - a potion of cancellation
 c - 8 potions of curing
 d - 4 potions of heal wounds
 e - 2 potions of haste
 f - 5 potions of magic
 g - 2 potions of berserk rage
 h - a potion of invisibility
 p - a potion of flight
 w - a potion of lignification
 G - a potion of resistance
Miscellaneous
 q - a box of beasts (3/3)
 v - a phantom mirror
 C - a phantom mirror


   Skills:
 + Level 14.2 Fighting
 - Level 16.0 Long Blades
 + Level 5.7 Throwing
 + Level 10.7 Armour
 + Level 10.7 Dodging
 + Level 4.3 Shields
 + Level 9.3 Evocations


You had 11 spell levels left.
You didn't know any spells.
Your spell library was empty.

Dungeon Overview and Level Annotations

Branches:
Dungeon (1/1)

Altars:
Cheibriados
Dithmenos
Elyvilon
Fedhas
Gozag
Hepliaklqana
Kikubaaqudgha
Makhleb
Nemelex Xobeh
Okawaru
Qazlal
Ru
Sif Muna
Trog
Uskayaw
Vehumet
Wu Jian
Xom
Yredelemnul
Zin
The Shining One
Beogh
Jiyva
Lugonu

Shops:
D ((}*

Annotations:
D Donald


Innate Abilities, Weirdness & Mutations

You are completely covered in rugged brown scales. (AC +3, +7% HP)
You have supernaturally acute eyesight. (SInv)
Armour fits poorly on your strangely shaped body.
You can roll at foes to attack.
You have a long armoured tail.


Message History

Your tail-slap misses Donald.
Donald is almost dead.
Donald blocks your attack.
Donald is almost dead.
You block Donald's attack. Donald blocks your attack. x2
Donald is almost dead.
You barely miss Donald.
Donald is almost dead.
Donald hits you with a +2 eveningstar of holy wrath!!
* * * LOW HITPOINT WARNING * * *
You hit Donald but do no damage.
Donald is almost dead.
You block Donald's attack.
You hit Donald but do no damage.
Donald is almost dead.
Donald blocks your attack.
Donald is almost dead.
Donald hits you with a +2 eveningstar of holy wrath!!!
You die...

▓▓▓▓▓▓▓▓▓▓▓▓▓▓▓▓▓
▓.....@..........
▓@▓▓▓▓▓▓▓▓▓▓▓▓▓▓▓▓▓
▓.@.......'........
▓▓▓▓▓▓▓▓▓▓▓▓▓▓▓▓▓▓▓
▓..................
▓.▓▓▓▓▓▓▓▓▓▓▓▓▓▓▓▓▓
▓.........'....)∩.∩
▓▓▓▓▓▓▓▓▓▓▓▓▓▓▓▓▓▓▓
▓..................
▓.▓▓▓▓▓▓▓▓▓▓▓▓▓▓▓▓▓
▓....'..[[....'(.))


You could see Donald (fast, strong).

Vanquished Creatures
  A very ugly thing (D)
  Josephine (D)
  Erica (D)
  3 orc high priests (D)
  A fire crab (shapeshifter) (D)
  A glowing orange brain (D)
  A cyclops (D)
  4 wraiths (D)
  A steam dragon (D)
  2 wargs (D)
  An ice beast (D)
  2 orc warriors (D)
  An ogre (D)
  6 wolves (D)
  A bullfrog (D)
  4 orc priests (D)
  4 orc wizards (D)
  An adder (D)
  An adder zombie (D)
  A worm (D)
  3 dart slugs (D)
  9 orcs (D)
  A kobold (D)
  A quokka (D)
  A rat (D)
53 creatures vanquished.

Vanquished Creatures (collateral kills)
  2 frost giants (D)
  An ettin (D)
  2 hydras (D)
  An ogre mage (D)
  2 two-headed ogres (D)
  A deep troll shaman (D)
  4 orc high priests (D)
  Sonja (D)
  A necromancer (D)
  A gargoyle (D)
  3 cane toads (D)
  An efreet (D)
  A kobold demonologist (D)
  A troll (D)
  A hippogriff (D)
  A wraith (D)
  2 porcupines (D)
  8 orc warriors (D)
  6 water moccasins (D)
  A black bear (D)
  A boggart (D)
  3 crocodiles (D)
  A bullfrog (D)
  A jelly (D)
  6 orc priests (D)
  An orc (D)
  A jackal zombie (D)
55 creatures vanquished.

Grand Total: 108 creatures vanquished

Notes
Turn   | Place    | Note
-------+----------+-------------------------------------------
     0 | D        | tsouns the Palentonga Berserker began the quest for the
                  | Orb.
     0 | D        | Reached XP level 1. HP: 20/20 MP: 1/1
    12 | D        | Reached ** piety under Trog
    12 | D        | Reached skill level 4 in Long Blades
    16 | D        | Reached XP level 2. HP: 12/28 MP: 2/2
   197 | D        | Noticed an ice beast
   201 | D        | Reached skill level 5 in Fighting
   201 | D        | Reached skill level 5 in Long Blades
   201 | D        | Reached XP level 3. HP: 38/38 MP: 3/3
   204 | D        | Reached *** piety under Trog
   373 | D        | Killed an ice beast
   373 | D        | Reached skill level 7 in Long Blades
   373 | D        | Reached XP level 4. HP: 51/51 MP: 4/4
   373 | D        | Reached XP level 5. HP: 56/56 MP: 5/5
   445 | D        | Found a roughly hewn altar of Beogh.
   445 | D        | Found a snail-covered altar of Cheibriados.
   445 | D        | Found a shadowy altar of Dithmenos.
   445 | D        | Found a white marble altar of Elyvilon.
   445 | D        | Found a blossoming altar of Fedhas.
   445 | D        | Found an opulent altar of Gozag.
   446 | D        | Found a hazy altar of Hepliaklqana.
   447 | D        | Found a viscous altar of Jiyva.
   448 | D        | Found an ancient bone altar of Kikubaaqudgha.
   449 | D        | Found a corrupted altar of Lugonu.
   450 | D        | Found a burning altar of Makhleb.
   451 | D        | Found a sparkling altar of Nemelex Xobeh.
   452 | D        | Found an iron altar of Okawaru.
   453 | D        | Found a stormy altar of Qazlal.
   454 | D        | Found a sacrificial altar of Ru.
   455 | D        | Found a shimmering blue altar of Sif Muna.
   456 | D        | Found a bloodstained altar of Trog.
   457 | D        | Found a hide-covered altar of Uskayaw.
   458 | D        | Found a radiant altar of Vehumet.
   459 | D        | Found an ornate altar of the Wu Jian Council.
   460 | D        | Found a shimmering altar of Xom.
   461 | D        | Found a basalt altar of Yredelemnul.
   462 | D        | Found a glowing silver altar of Zin.
   463 | D        | Found a glowing golden altar of the Shining One.
   502 | D        | Noticed a steam dragon
   502 | D        | Noticed an ogre
   506 | D        | Killed an ogre
   506 | D        | Reached **** piety under Trog
   506 | D        | Reached skill level 8 in Long Blades
   508 | D        | Reached skill level 9 in Long Blades
   512 | D        | Reached ***** piety under Trog
   512 | D        | Reached XP level 6. HP: 66/66 MP: 6/6
   517 | D        | Killed a steam dragon
   517 | D        | Reached skill level 10 in Long Blades
   607 | D        | Noticed a gargoyle
   607 | D        | Noticed a two-headed ogre
   607 | D        | Noticed a cyclops
   607 | D        | Noticed a kobold demonologist
   607 | D        | Noticed a troll
   609 | D        | Killed a troll
   609 | D        | Reached XP level 7. HP: 46/74 MP: 7/7
   615 | D        | Killed a kobold demonologist
   615 | D        | Reached skill level 11 in Long Blades
   615 | D        | Reached skill level 5 in Armour
   615 | D        | Reached skill level 5 in Dodging
   636 | D        | Killed a cyclops
   636 | D        | Reached skill level 10 in Fighting
   636 | D        | Reached XP level 8. HP: 29/84 MP: 8/8
   674 | D        | Killed a two-headed ogre
   674 | D        | Reached skill level 12 in Long Blades
   678 | D        | Killed a gargoyle
   678 | D        | Received a gift from Trog
  1017 | D        | Noticed a cane toad
  1023 | D        | Killed a cane toad
  1023 | D        | Reached skill level 1 in Evocations
  1025 | D        | Reached skill level 13 in Long Blades
  1028 | D        | Reached XP level 9. HP: 84/92 MP: 9/9
  1033 | D        | Noticed a cane toad
  1036 | D        | Killed a cane toad
  1044 | D        | Noticed a cane toad
  1045 | D        | Noticed a six-headed hydra
  1048 | D        | Received a gift from Trog
  1053 | D        | Killed a cane toad
  1059 | D        | Killed a six-headed hydra
  1083 | D        | Reached skill level 14 in Long Blades
  1084 | D        | Received a gift from Trog
  1540 | D        | Noticed Josephine
  1549 | D        | Reached ****** piety under Trog
  1549 | D        | Reached XP level 10. HP: 103/103 MP: 3/10
  1554 | D        | Killed Josephine
  1554 | D        | Received a gift from Trog
  1554 | D        | Reached skill level 15 in Long Blades
  1554 | D        | Reached skill level 5 in Evocations
  1650 | D        | Noticed Sonja
  1657 | D        | Killed Sonja
  1856 | D        | Received a gift from Trog
  1867 | D        | Received a gift from Trog
  2142 | D        | Noticed an orc high priest
  2151 | D        | Received a gift from Trog
  2161 | D        | Killed an orc high priest
  2161 | D        | Reached skill level 1 in Throwing
  2175 | D        | Received a gift from Trog
  2307 | D        | Found Fako's Assorted Antiques.
  2307 | D        | Noticed an orc high priest
  2308 | D        | Noticed an orc high priest
  2309 | D        | Noticed a soul eater
  2310 | D        | Noticed an orange demon
  2323 | D        | Killed an orc high priest
  2339 | D        | Noticed an orange demon
  2340 | D        | Noticed an orange demon
  2342 | D        | Killed an orc high priest
  2345 | D        | Noticed an orc high priest
  2352 | D        | Noticed a sixfirhy
  2352 | D        | Killed an orc high priest
  2360 | D        | Found Inugibbake's Gadget Shop.
  2365 | D        | Received a gift from Trog
  2370 | D        | Found Ruoqenki's Antique Weapon Boutique.
  2374 | D        | Found Woaha's Antique Weapon Shop.
  2378 | D        | Noticed an orc high priest
  2378 | D        | Noticed an orc high priest
  2379 | D        | Noticed an orc high priest
  2383 | D        | Noticed a smoke demon
  2383 | D        | Noticed an orange demon
  2393 | D        | Killed an orc high priest
  2393 | D        | Reached XP level 11. HP: 87/114 MP: 3/11
  2395 | D        | Noticed a soul eater
  2402 | D        | Killed an orc high priest
  2407 | D        | Killed an orc high priest
  2407 | D        | Reached skill level 16 in Long Blades
  2422 | D        | Bought a potion of heal wounds for 85 gold pieces
  2422 | D        | Bought a smoky sapphire potion for 15 gold pieces
  2422 | D        | Bought a potion of heal wounds for 85 gold pieces
  2422 | D        | Bought a scroll labeled UMPISOGE WIHE for 17 gold pieces
  2422 | D        | Bought an emerald potion for 15 gold pieces
  2424 | D        | Bought a phantom mirror for 420 gold pieces
  2424 | D        | Bought a phantom mirror for 420 gold pieces
  2629 | D        | Noticed Erica
  2645 | D        | Killed Erica
  2814 | D        | Found the -2 hat of the Alchemist {rElec rPois rF+ rC+ rN+
                  | MR+ rMut rCorr}
  2895 | D        | Noticed an ogre mage
  2895 | D        | Noticed a two-headed ogre
  2895 | D        | Noticed a four-headed hydra
  2895 | D        | Noticed an orb spider
  2897 | D        | Noticed a fire crab
  2897 | D        | an orb spider changed into a fire crab
  2901 | D        | Killed an ogre mage
  2904 | D        | Killed a fire crab
  2904 | D        | Reached skill level 10 in Dodging
  2904 | D        | Reached skill level 1 in Shields
  2905 | D        | Killed a four-headed hydra
  2905 | D        | Reached skill level 10 in Armour
  2912 | D        | Killed a two-headed ogre
  2912 | D        | Received a gift from Trog
  2914 | D        | Noticed a frost giant
  2916 | D        | Noticed a deep troll shaman
  2918 | D        | Noticed a frost giant
  2920 | D        | Noticed a cyan very ugly thing
  2920 | D        | Killed a frost giant
  2921 | D        | Noticed an ettin
  2922 | D        | Killed a deep troll shaman
  2924 | D        | Killed a frost giant
  2924 | D        | Received a gift from Trog
  2924 | D        | Reached skill level 5 in Throwing
  2926 | D        | Noticed a necromancer
  2939 | D        | Killed a cyan very ugly thing
  2956 | D        | Killed an ettin
  2958 | D        | Killed a necromancer
  3240 | D        | Noticed a glowing orange brain
  3257 | D        | Killed a glowing orange brain
  3257 | D        | Reached XP level 12. HP: 125/125 MP: 4/12
  3291 | D        | Noticed Donald
  3318 | D        | Annihilated by Donald

Illustrated notes

Levels and vault maps discovered:
D:        linesprint [early_d, line_temple, items_1, d_10, items_2, lair_1,
          lair_end, items_3, orc_1, orc_end, items_4, d_15, swamp_1, shoals_1,
          snake_1, spider_1, d_20, vaults_1, items_5, swamp_end, shoals_end,
          snake_end, spider_end, vaults_end, d_27, items_6, zot_1, zot_end,
          crypt_end, forest_end, elf_end, slime_end, tomb_end, abyss_end,
          pan_hell_end]

Skill      XL: |  1  2  3  4  5  6  7  8  9 10 11 |
---------------+----------------------------------+-----
Fighting       | 4 5 7 8 9 10 11 13 14 | 14.2
Long Blades    | 4 5 7 9 10 11 13 14 15 16 | 16.0
Armour         | 3 4 5 6 8 9 10 | 10.7
Dodging        | 3 4 5 6 8 9 10 | 10.7
Evocations     | 2 4 7 9 |  9.3
Throwing       | 3 5 |  5.7
Shields        | 4 |  4.3

Action                   |  1- 3 |  4- 6 |  7- 9 | 10-12 || total
-------------------------+-------+-------+-------+-------++-------
Melee: Falchion          |    28 |     2 |       |       ||    30
       Tailslap          |     4 |     2 |     2 |    17 ||    25
       Scimitar          |       |    14 |     2 |       ||    16
       Triple sword      |       |       |    42 |    36 ||    78
       Demon blade       |       |       |       |    81 ||    81
Invok: Berserk           |     2 |     1 |     2 |     2 ||     7
       Trog's Hand       |     1 |       |       |     2 ||     3
       Brothers in Arms  |       |     1 |     3 |     6 ||    10
Evoke: Wand              |       |       |     4 |       ||     4
  Use: Scroll            |     1 |       |       |     4 ||     5
       Potion            |       |       |       |     3 ||     3
Armor: Animal skin       |     4 |     1 |       |       ||     5
       Plate armour      |       |     2 |    26 |    37 ||    65
Dodge: Dodged            |    12 |     2 |    24 |    22 ||    60
Block: Tower shield      |       |       |       |    16 ||    16
       Rpst.: Falchion   |     5 |       |       |       ||     5
       Scimitar          |       |       |     1 |       ||     1
       Triple sword      |       |       |     4 |     1 ||     5
       Demon blade       |       |       |       |     2 ||     2

Table legend: (Time is in decaauts)
 A = Elapsed time spent in this place.
 B = Non-inter-level travel time spent in this place.
 C = Inter-level travel time spent in this place.
 D = Time resting spent in this place.
 E = Time spent auto-exploring this place.
 F = Levels seen in this place.
 G = Mean time per level.
                   A        B        C        D        E       F      G
               +--------+--------+--------+--------+--------+-----+--------+
         Total |   3359 |   3359 |      0 |   1674 |    785 |   1 | 3359.0 |
       Dungeon |   3359 |   3359 |      0 |   1674 |    785 |   1 | 3359.0 |
               +--------+--------+--------+--------+--------+-----+--------+

Top non-repeatable levels by time:
       D: 3359 daAuts
